 Dungeon Crawl Stone Soup version 0.29-a0-887-gcbe080d7e0 (webtiles) character file.

Game seed: 16041019009375039935

1085 porpoise the Covert (level 8, -19/67 HPs)
             Began as a Gnoll Delver on July 22, 2022.
             Was a Believer of Yredelemnul.
             Killed by an exploding hound zombie (20 damage)
             ... ignited by their inner flame
             ... on level 6 of the Dungeon.
             The game lasted 00:17:30 (6381 turns).

porpoise the Covert (Gnoll Delver)                  Turns: 6381, Time: 00:17:30

Health: -19/67     AC:  8    Str: 14    XL:     8   Next: 30%
Magic:  12/12      EV: 12    Int:  9    God:    Yredelemnul [**....]
Gold:   293        SH:  5    Dex: 14    Spells: 13/13 levels left

rFire   + . .      SeeInvis .   a - +1 trident
rCold   . . .      Faith    +   m - +0 buckler
rNeg    . . .      Spirit   .   e - +0 ring mail {rF+}
rPois   .          Reflect  .   w - +0 helmet
rElec   .          Harm     .   (no cloak)
rCorr   .          Rampage  .   (no gloves)
Will    .....                   r - +0 pair of boots
Stlth   ++++......              u - amulet of faith
HPRegen 0.21/turn               (no ring)
MPRegen 0.13/turn               (no ring)

@: about to teleport
A: fangs 1, strong nose, distributed training
a: Renounce Religion, Recall Undead Harvest, Dark Bargain


You were on level 6 of the Dungeon.
You worshipped Yredelemnul.
Yredelemnul was noncommittal.
You visited 2 branches of the dungeon, and saw 7 of its levels.

You collected 293 gold pieces.

Inventory:

Hand Weapons
 a - a +1 trident (weapon)
 b - a +0 sling
Missiles
 o - 14 poisoned darts (quivered)
 A - 3 boomerangs
Armour
 e - a +0 ring mail of fire resistance (worn)
 m - a +0 buckler (worn)
 r - a +0 pair of boots (worn)
 w - a +0 helmet (worn)
Jewellery
 u - an amulet of faith (around neck)
Wands
 g - a wand of digging (7)
 h - a wand of polymorph (4)
 i - a wand of flame (16)
Scrolls
 c - 2 scrolls of fog
 d - a scroll of magic mapping
 t - a scroll of amnesia
 x - 2 scrolls of identify
 y - a scroll of poison
Potions
 f - 2 potions of haste
 j - a potion of mutation
 k - a potion of curing
 l - a potion of heal wounds
 q - 2 potions of magic
 z - a potion of cancellation {unknown}


   Skills:
 + Level 7.4 Fighting
 + Level 3.2 Short Blades
 + Level 3.2 Long Blades
 + Level 3.2 Axes
 + Level 3.2 Maces & Flails
 + Level 5.7 Polearms
 + Level 3.2 Staves
 + Level 3.2 Ranged Weapons
 + Level 3.2 Throwing
 + Level 3.2 Armour
 + Level 5.7 Dodging
 + Level 10.1 Stealth
 + Level 3.2 Shields
 + Level 3.2 Unarmed Combat
 + Level 3.2 Spellcasting
 + Level 2.6 Conjurations
 + Level 2.6 Hexes
 + Level 2.6 Summonings
 + Level 2.6 Necromancy
 + Level 2.6 Translocations
 + Level 2.6 Transmutations
 + Level 2.6 Fire Magic
 + Level 2.6 Ice Magic
 + Level 2.6 Air Magic
 + Level 2.6 Earth Magic
 + Level 2.6 Poison Magic
 + Level 3.6 Invocations
 + Level 3.2 Evocations


You had 13 spell levels left.
You didn't know any spells.
Your spell library contained the following spells:

 Spells                   Type           Power      Damage    Failure   Level
 Conjure Flame            Conj/Fire      6%         6-21      61%         3
 Ignite Poison            Fire/Tmut/Pois 6%         N/A       61%         3
 Sticky Flame             Conj/Fire      6%         2d3       95%         4


Dungeon Overview and Level Annotations

Branches:
Dungeon (6/15)             Temple (1/1) D:4

Altars:
Ashenzari
Cheibriados
Dithmenos
Fedhas
Gozag
Hepliaklqana
Kikubaaqudgha
Makhleb
Nemelex Xobeh
Okawaru
Qazlal
Ru
Sif Muna
Uskayaw
Vehumet
Xom
Yredelemnul
Zin
The Shining One


Innate Abilities, Weirdness & Mutations

You have very sharp teeth.
Your uncanny sense of smell can sniff out nearby items.
Your experience applies equally to all skills.


Message History

The wolf bites you but does no damage.
As you read the scroll labelled RENLADD MUCUQ, it crumbles to dust.
The creatures around you are filled with an inner flame!
It was a scroll of immolation.
The gnoll hits you with a +0 halberd.
* * * LOW HITPOINT WARNING * * *
The gnoll sergeant hits you from afar with a +0 spear.
* * * LOW HITPOINT WARNING * * *
The wolf bites you but does no damage.
Your hound zombie misses the wolf.
Your gnoll zombie hits the wolf but does no damage. x2
As you read the scroll of teleportation, it crumbles to dust.
You feel strangely unstable. The wolf bites you.
* * * LOW HITPOINT WARNING * * *
The gnoll sergeant closely misses you. The gnoll misses you.
Your hound zombie bites the wolf.
Flame seeps out of the wolf.
The wolf is engulfed in blazing flames.
Flame seeps out of the wolf.
The wolf barely misses you.
Your gnoll zombie barely misses the wolf.
Your gnoll zombie hits the wolf.
Flame seeps out of the wolf.
You feel much better.
Your hound zombie bites the wolf.
Flame seeps out of the wolf.
The wolf is engulfed in blazing flames.
A black mist starts to gather...
The wolf explodes!
The fiery explosion engulfs the gnoll!!
The fiery explosion engulfs your gnoll zombie!!
The fiery explosion engulfs you!! You resist.
* * * LOW HITPOINT WARNING * * *
The fiery explosion engulfs your gnoll zombie!!!
The fiery explosion engulfs your hound zombie!
Flame seeps out of your hound zombie.
Your hound zombie is severely damaged.
Your gnoll zombie explodes!
The fiery explosion engulfs your gnoll zombie!!!
The fiery explosion engulfs your gnoll zombie!!
Your gnoll zombie explodes!
The fiery explosion engulfs the hound zombie!
That felt strangely unrewarding.
The hound zombie explodes!
The fiery explosion engulfs you!! You resist.
You die...
Your body rises from the dead as a mindless zombie.

#....# #....### #
#....## .. ##.?.##
... #.....###
....######Z###.ZZ##
......§§§§§#
###.Z###
.......○§§§#
##...##
......§@§§§#
###Z.###
..###g###Z$.#
##...# .. ##..#
###.. #. #..# ##. #
#...# ## ....# ##
...# #. #. ##.


You could see a gnoll sergeant (inner flame), a friendly spectral wolf and a
friendly gnoll bouda zombie (inner flame).

Vanquished Creatures
  A wolf (D:6)
  A scorpion (D:5)
  6 killer bees (D:5)
  A crimson imp (D:4)
  An orc priest (D:5)
  4 hounds
  A gnoll bouda (D:6)
  4 iguanas
  3 orc wizards
  A killer bee zombie (D:5)
  A hound zombie (D:6)
  Robin (D:2)
  5 gnolls (D:6)
  6 adders
  2 ufetubi
  An iguana zombie (D:5)
  2 dart slugs
  13 orcs
  14 endoplasms
  5 giant cockroaches
  4 gnoll zombies (D:6)
  8 goblins (D:2)
  10 hobgoblins
  6 jackals (D:5)
  6 quokkas
  4 ball pythons
  6 bats
  2 frilled lizards
  13 kobolds
  3 rats (D:1)
135 creatures vanquished.

Vanquished Creatures (collateral kills)
  A scorpion (D:4)
  A hound (D:5)
  3 adders
  2 gnolls (D:6)
  2 orcs (D:5)
  2 endoplasms
  2 goblins
  A ball python (D:4)
  A kobold (D:2)
  A rat (D:1)
16 creatures vanquished.

Vanquished Creatures (others)
  A killer bee zombie (D:5)
  4 hound zombies
  4 adder zombies
  8 orc zombies
  A bat zombie (D:3)
  A gnoll zombie (D:6)
  A ball python zombie (D:4)
  An endoplasm zombie (D:4)
  2 giant cockroach zombies
  5 goblin zombies (D:2)
  3 hobgoblin zombies
  3 jackal zombies (D:5)
  2 kobold zombies
  2 quokka zombies
  A spectral ufetubus (D:4)
39 creatures vanquished.

Grand Total: 190 creatures vanquished

Notes
Turn   | Place    | Note
-------+----------+-------------------------------------------
     0 | D:5      | Reached skill level 9 in Stealth
     0 | D:5      | porpoise the Gnoll Delver began the quest for the Orb.
     0 | D:5      | Reached XP level 1. HP: 23/23 MP: 1/1
   107 | D:4      | Found a staircase to the Ecumenical Temple.
   127 | Temple   | Entered the Ecumenical Temple
   306 | Temple   | Became a worshipper of Yredelemnul the Dark
   361 | D:3      | Noticed an orc wizard
   408 | D:2      | Found a hide-covered altar of Uskayaw.
   422 | D:2      | Reached XP level 2. HP: 29/29 MP: 2/2
   514 | D:2      | Reached * piety under Yredelemnul
   988 | D:1      | Reached XP level 3. HP: 33/35 MP: 3/3
  1139 | D:1      | Reached skill level 1 in Invocations
  1381 | D:1      | Reached skill level 1 in Short Blades
  1381 | D:1      | Reached skill level 1 in Long Blades
  1381 | D:1      | Reached skill level 1 in Axes
  1381 | D:1      | Reached skill level 1 in Maces & Flails
  1381 | D:1      | Reached skill level 1 in Staves
  1381 | D:1      | Reached skill level 1 in Ranged Weapons
  1381 | D:1      | Reached skill level 1 in Throwing
  1381 | D:1      | Reached skill level 1 in Armour
  1381 | D:1      | Reached skill level 1 in Shields
  1381 | D:1      | Reached skill level 1 in Unarmed Combat
  1381 | D:1      | Reached skill level 1 in Spellcasting
  1381 | D:1      | Reached skill level 1 in Evocations
  1393 | D:1      | Reached ** piety under Yredelemnul
  1419 | D:1      | Found a faded altar of an unknown god.
  1803 | D:2      | Reached XP level 4. HP: 29/41 MP: 5/5
  1953 | D:2      | Noticed Robin
  1997 | D:2      | Killed Robin
  1998 | D:2      | Reached skill level 1 in Conjurations
  1998 | D:2      | Reached skill level 1 in Hexes
  1998 | D:2      | Reached skill level 1 in Summonings
  1998 | D:2      | Reached skill level 1 in Necromancy
  1998 | D:2      | Reached skill level 1 in Translocations
  1998 | D:2      | Reached skill level 1 in Transmutations
  1998 | D:2      | Reached skill level 1 in Fire Magic
  1998 | D:2      | Reached skill level 1 in Ice Magic
  1998 | D:2      | Reached skill level 1 in Air Magic
  1998 | D:2      | Reached skill level 1 in Earth Magic
  1998 | D:2      | Reached skill level 1 in Poison Magic
  2375 | D:3      | Reached XP level 5. HP: 35/47 MP: 5/7
  3330 | D:4      | Reached XP level 6. HP: 28/53 MP: 8/8
  3583 | D:4      | Reached *** piety under Yredelemnul
  3595 | D:4      | Reached skill level 5 in Polearms
  3595 | D:4      | Reached skill level 5 in Dodging
  3990 | D:4      | Found a shimmering altar of Xom.
  3990 | D:4      | Found a burning altar of Makhleb.
  4388 | D:5      | Reached XP level 7. HP: 54/59 MP: 10/10
  4776 | D:5      | Reached skill level 10 in Stealth
  5511 | D:5      | Reached XP level 8. HP: 62/67 MP: 12/12
  6380 | D:6      | HP: 3/67 [wolf (4)]
  6381 | D:6      | HP: 1/67 [spore (27)]
  6381 | D:6      | Killed by an exploding hound zombie... ignited by their
                  | inner flame

Illustrated notes

Levels and vault maps discovered:
D:1:      dpeg_arrival_short_road, layout_loops_ring,
          ebering_ecumenical_altar_abandoned, minmay_tromino_v4_a
D:2:      layout_rooms, basic_altar, minmay_three_crescents, uniq_robin
D:3:      layout_loops_cross
D:4:      layout_basic, grunt_temple_overflow_champion_of_chaos,
          minmay_temple_entry_glassed_door, minmay_misc_feat_hallway,
          kennysheep_generic_room_9
D:5:      layout_loops_ring, serial_glass, glass_columns_b, glass_columns_c,
          amcnicky_mini_rare_corridor_liquid, minmay_misc_feat_ornament
D:6:      layout_cave_pods, lemuel_tele_altar,
          gammafunk_temple_overflow_elements, serial_gnoll_camp,
          gnoll_camp_mini_doghouse, gnoll_camp_mini_loothouse,
          gnoll_camp_mini_basic, gnoll_camp_mini_shop, gnoll_camp_mini_shop,
          serial_shops, nicolae_shop_behind_doors
Temple:   regret_index_temple_sphere_string

Skill      XL: |  1  2  3  4  5  6  7 |
---------------+----------------------+-----
Stealth        | 10 | 10.1
Invocations    | 1 2 3 |  3.6
Short Blades   | 1 2 3 |  3.2
Long Blades    | 1 2 3 |  3.2
Axes           | 1 2 3 |  3.2
Maces & Flails | 1 2 3 |  3.2
Staves         | 1 2 3 |  3.2
Ranged Weapons | 1 2 3 |  3.2
Throwing       | 1 2 3 |  3.2
Armour         | 1 2 3 |  3.2
Shields        | 1 2 3 |  3.2
Unarmed Combat | 1 2 3 |  3.2
Spellcasting   | 1 2 3 |  3.2
Evocations     | 1 2 3 |  3.2
Conjurations   | 1 2 |  2.6
Hexes          | 1 2 |  2.6
Summonings     | 1 2 |  2.6
Necromancy     | 1 2 |  2.6
Translocations | 1 2 |  2.6
Transmutations | 1 2 |  2.6
Fire Magic     | 1 2 |  2.6
Ice Magic      | 1 2 |  2.6
Air Magic      | 1 2 |  2.6
Earth Magic    | 1 2 |  2.6
Poison Magic   | 1 2 |  2.6
Polearms       | 5 |  5.7
Dodging        | 5 |  5.7
Fighting       | 7 |  7.4

Action                   |  1- 3 |  4- 6 |  7- 9 || total
-------------------------+-------+-------+-------++-------
Melee: Spear             |    24 |       |       ||    24
       Bite              |     9 |    15 |     9 ||    33
       Trident           |    70 |   200 |   164 ||   434
 Fire: Sling             |       |     2 |     2 ||     4
Throw: Dart              |       |       |    13 ||    13
Invok: Dark Bargain      |       |     1 |       ||     1
  Use: Scroll            |       |     6 |     7 ||    13
       Potion            |       |     1 |     3 ||     4
 Stab: Sleeping          |    16 |    13 |     5 ||    34
       Distracted        |       |     1 |       ||     1
Armor: Ring mail         |    23 |    46 |    41 ||   110
       Skin              |       |       |    39 ||    39
Dodge: Dodged            |    33 |    75 |    83 ||   191
Block: Buckler           |     4 |    21 |    44 ||    69

Table legend: (Time is in decaauts)
 A = Elapsed time spent in this place.
 B = Non-inter-level travel time spent in this place.
 C = Inter-level travel time spent in this place.
 D = Time resting spent in this place.
 E = Time spent auto-exploring this place.
 F = Levels seen in this place.
 G = Mean time per level.
                   A        B        C        D        E       F      G
               +--------+--------+--------+--------+--------+-----+--------+
         Total |   6419 |   6278 |    141 |   2036 |   2954 |   7 |  917.0 |
       Dungeon |   6214 |   6098 |    116 |   2036 |   2802 |   6 | 1035.7 |
        Temple |    204 |    179 |     25 |      0 |    152 |   1 |  204.0 |
               +--------+--------+--------+--------+--------+-----+--------+

Top non-repeatable levels by time:
     D:5: 1974 daAuts
     D:4: 1284 daAuts
     D:2: 1120 daAuts
     D:3: 939 daAuts
     D:1: 746 daAuts
  Temple: 204 daAuts
     D:6: 148 daAuts
